 Dungeon Sprint DCSS version 0.22.1-2-g9c5b331 (webtiles) character file.

88 diana the Sneak (level 4, -28/24 HPs)
             Began as a Kobold Enchanter on Dec 22, 2018.
             Killed from afar by a deep elf mage (37 damage)
             ... with an orb of energy
             ... in the Dungeon (Sprint III: "The Ten Rune Challenge").
             The game lasted 00:02:24 (497 turns).

diana the Sneak (Kobold Enchanter)                   Turns: 497, Time: 00:02:25

Health: -28/24     AC:  3    Str:  6    XL:     4   Next: 82%
Magic:  4/10       EV: 15    Int: 18    God:
Gold:   39         SH:  0    Dex: 15    Spells: 8/11 levels left

rFire    . . .     SeeInvis .   a - +1 dagger
rCold    . . .     Gourm    .   (shield restricted)
rNeg     . . .     Faith    .   b - +0 robe
rPois    +         Spirit   .   (helmet restricted)
rElec    .         Reflect  .   (no cloak)
rCorr    .         Harm     .   (no gloves)
MR       .....     NoTele   +   (no boots)
Stlth    +++.......             (no amulet)
HPRegen  0.08/turn              (no ring)
MPRegen  0.12/turn              (no ring)

@: no status effects
A: small, horns 1, rugged brown scales 1, carnivore, clever 1, deformed body,
poison resistance, shaggy fur 1
a: no special abilities


You were in the Dungeon.
You were not hungry.

You visited 1 branch You collected 39 gold pieces.

Inventory:

Hand Weapons
 a - a +1 dagger (weapon)
Armour
 b - a +0 robe (worn)
Scrolls
 c - a scroll of torment {unknown}
 i - 4 scrolls of identify
 j - a scroll of blinking
 l - a scroll of immolation {unknown}
 m - a scroll of amnesia {unknown}
Potions
 e - a potion of curing
 f - a potion of heal wounds
 g - a potion of haste
 h - 2 potions of magic
 k - 2 potions of flight {unknown}
Comestibles
 d - 3 rations


   Skills:
 + Level 4.6 Short Blades
 - Level 2.4 Dodging
 + Level 6.4 Stealth
 + Level 4.0 Spellcasting
 * Level 5.9 Hexes
 + Level 2.7 Ice Magic


You had 8 spell levels left.
You knew the following spells:

 Your Spells              Type           Power        Failure   Level  Hunger
a - Corona                Hex            ####...      1%          1    None
b - Ensorcelled Hibernat  Hex/Ice        ###...       3%          2    ##.....

Your spell library contained the following spells:

 Spells                   Type           Power        Failure   Level  Hunger
 Confuse                  Hex            ####....     3%          3    ###....
 Tukima's Dance           Hex            ####....     3%          3    ###....
 Dazzling Spray           Conj/Hex       ##....       13%         3    ###....


Dungeon Overview and Level Annotations

Branches:
Dungeon (1/1)

Altars:
Elyvilon
Zin
The Shining One


Innate Abilities, Weirdness & Mutations

You are small and have problems with some larger weapons.
You are carnivorous and can eat meat at any time.
You have a pair of small horns on your head.
You are partially covered in rugged brown scales. (AC +1, +3% HP)
Your mind is acute. (Int +2)
Armour fits poorly on your strangely shaped body.
Your system is resistant to poisons. (rPois)
You are covered in fur. (AC +1)


Message History

The deep elf mage easily resists.
The deep elf mage gestures wildly while chanting.
The deep elf mage conjures a globe of magical energy!
A battlesphere comes into view.
Casting: Ensorcelled Hibernation (safe; 3% risk of failure)
Confirm with . or Enter, or press ? or * to list all spells.
Aiming: Ensorcelled Hibernation (safe; 3% risk of failure)
Press: ? - help, Shift-Dir - straight line, f/p - deep elf mage
Aim: a deep elf mage, wielding a long sword of holy wrath (almost dead, chance The deep elf mage easily resists.
The deep elf mage hits you with a long sword of holy wrath.
You hit the deep elf mage but do no damage.
The deep elf mage is almost dead.
The deep elf mage hits you with a long sword of holy wrath.
You hit the deep elf mage.
The deep elf mage is almost dead.
The deep elf mage points at you and mumbles some strange words.
The orb of energy hits you!
Ouch! That really hurt!
You die...

▓▓▓▓▓ ▓▓▓ #...####
##.#####
#......#####..#___#
#.......#..#..#e@*#
##.##...#..#..###'#+###+
##.###..##'#..#..........
###.##..###...'.⌠........
#..##..####...#...######+
...##†.###....#.⌠.#
..##...##.....#...#
.##....#......#+###
###..##.#.....#


You could see a deep elf mage and a battlesphere.

Vanquished Creatures
  A water elemental (D)
  A human (D)
  An ooze (D)
  A phantom (D)
  3 rats (D)
7 creatures vanquished.

Vanquished Creatures (others)
  2 draconian scorchers (D)
  6 hellions (D)
  A yaktaur (D)
9 creatures vanquished.

Grand Total: 16 creatures vanquished

Notes
Turn   | Place    | Note
-------+----------+-------------------------------------------
     0 | D        | diana the Kobold Enchanter began the quest for the Orb.
     0 | D        | Reached XP level 1. HP: 10/10 MP: 3/3
   130 | D        | Reached XP level 2. HP: 14/15 MP: 5/5
   134 | D        | Learned a level 2 spell: Ensorcelled Hibernation
   174 | D        | Killed a hellion
   174 | D        | Killed a hellion
   175 | D        | Killed a hellion
   175 | D        | Killed a hellion
   175 | D        | Killed a hellion
   235 | D        | Reached skill level 5 in Stealth
   235 | D        | Reached skill level 1 in Ice Magic
   235 | D        | Reached XP level 3. HP: 8/19 MP: 0/7
   274 | D        | Killed a hellion
   276 | D        | Killed a yaktaur
   311 | D        | Killed a white draconian scorcher
   313 | D        | Killed a white draconian scorcher
   381 | D        | Gained mutation: Your spells are a little easier to cast,
                  | but a little less powerful. [potion of mutation]
   381 | D        | Gained mutation: You are frail. (-10% HP) [potion of
                  | mutation]
   381 | D        | Gained mutation: Your body sometimes deteriorates upon
                  | taking damage. [potion of mutation]
   381 | D        | Gained mutation: Your muscles are strong. (Str +2) [potion
                  | of mutation]
   382 | D        | Lost mutation: You are frail. (-10% HP) [potion of
                  | mutation]
   382 | D        | Lost mutation: Your body sometimes deteriorates upon taking
                  | damage. [potion of mutation]
   382 | D        | Lost mutation: Your spells are a little easier to cast, but
                  | a little less powerful. [potion of mutation]
   382 | D        | Gained mutation: You can translocate small distances at
                  | will. [potion of mutation]
   382 | D        | Gained mutation: You possess an exceptional clarity of
                  | mind. [potion of mutation]
   383 | D        | Lost mutation: You possess an exceptional clarity of mind.
                  | [potion of mutation]
   383 | D        | Lost mutation: You can translocate small distances at will.
                  | [potion of mutation]
   383 | D        | Gained mutation: You are dopey. (Int -2) [potion of
                  | mutation]
   383 | D        | Gained mutation: You are partially covered in large bone
                  | plates. (SH +4) [potion of mutation]
   383 | D        | Gained mutation: You are somewhat resistant to further
                  | mutation. [potion of mutation]
   384 | D        | Lost mutation: You are dopey. (Int -2) [potion of mutation]
   384 | D        | Lost mutation: You are partially covered in large bone
                  | plates. (SH +4) [potion of mutation]
   384 | D        | Lost mutation: You are somewhat resistant to further
                  | mutation. [potion of mutation]
   384 | D        | Lost mutation: Your muscles are strong. (Str +2) [potion of
                  | mutation]
   384 | D        | Gained mutation: Your system is resistant to poisons.
                  | (rPois) [potion of mutation]
   384 | D        | Gained mutation: You are partially covered in rugged brown
                  | scales. (AC +1, +3% HP) [potion of mutation]
   384 | D        | Gained mutation: You are somewhat resistant to further
                  | mutation. [potion of mutation]
   384 | D        | Gained mutation: Your mind is acute. (Int +2) [potion of
                  | mutation]
   385 | D        | Lost mutation: You are somewhat resistant to further
                  | mutation. [potion of mutation]
   385 | D        | Gained mutation: Armour fits poorly on your strangely
                  | shaped body. [potion of mutation]
   385 | D        | Gained mutation: You are covered in fur. (AC +1) [potion of
                  | mutation]
   385 | D        | Gained mutation: You have a pair of small horns on your
                  | head. [potion of mutation]
   465 | D        | Noticed a water elemental
   468 | D        | Killed a water elemental
   468 | D        | Reached skill level 6 in Stealth
   468 | D        | Reached skill level 5 in Hexes
   468 | D        | Reached XP level 4. HP: 24/24 MP: 8/10
   488 | D        | Found a glowing silver altar of Zin.
   489 | D        | Found a glowing golden altar of the Shining One.
   489 | D        | Found a white marble altar of Elyvilon.
   489 | D        | Noticed a deep elf mage
   497 | D        | Killed from afar by a deep elf mage

Skill      XL: |  1  2  3 |
---------------+----------+-----
Short Blades   | 2 3 4 |  4.6
Stealth        | 5 6 |  6.4
Spellcasting   | 3 4 |  4.0
Hexes          | 4 5 |  5.9
Ice Magic      | 1 2 |  2.7
Dodging        | |  2.4

Action                   |  1- 3 |  4- 6 || total
-------------------------+-------+-------++-------
Melee: Dagger            |    26 |     4 ||    30
 Cast: Ensorcelled Hiber |     2 |     3 ||     5
       Corona            |     2 |       ||     2
  Use: Potion            |     6 |       ||     6
 Stab: Sleeping          |     5 |     1 ||     6
Dodge: Dodged            |    13 |       ||    13
